 Dungeon Crawl Stone Soup version 0.26-a0-1026-g544776af23 (console) character file.

Game seed: 5842032141103865409

38467 om the Quickloader (level 14, -4/88 HPs)
             Began as a Gargoyle Monk on Dec 7, 2020.
             Was the Champion of Okawaru.
             Slain by Rupert
             ... wielding a +1 vorpal great mace
              (21 damage)
             ... on level 14 of the Dungeon on Dec 9, 2020.
             The game lasted 00:57:19 (19202 turns).

om the Quickloader (Gargoyle Monk)                 Turns: 19202, Time: 00:57:20

Health: -4/88      AC: 22    Str: 16    XL:     14   Next: 2%
Magic:  15/15      EV: 13    Int: 12    God:    Okawaru [******]
Gold:   1681       SH: 24    Dex: 18    Spells: 13/13 levels left

rFire    + + .     SeeInvis .   a - +3 demon whip (venom)
rCold    x . .     Faith    .   e - +2 tower shield
rNeg     + . .     Spirit   .   d - +0 ring mail
rPois    ∞         Reflect  +   Y - +0 hat of Calculation {rF+}
rElec    +         Harm     .   j - +0 cloak
rCorr    .         Rampage  .   h - +2 pair of gloves {Dex+3}
Will     +....                  (no boots)
Stlth    +++.......             K - amulet of reflection
HPRegen  0.24/turn              I - ring of fire
MPRegen  0.14/turn              Q - ring of stealth

@: no status effects
A: big wings, negative energy resistance 1, electricity resistance, unbreathing,
petrification resistance, rot immunity, AC +10
a: Fly, Heroism, Finesse, Renounce Religion


You were on level 14 of the Dungeon.
You worshipped Okawaru.
Okawaru was exalted by your worship.
You visited 1 branch of the dungeon, and saw 15 of its levels.
You also visited: Sewer and Ossuary.

You collected 1891 gold pieces.
You spent 210 gold pieces at shops.

Inventory:

Hand Weapons
 a - a +3 demon whip of venom (weapon)
 b - a +4 hand crossbow of flaming
 A - a +2 whip of electrocution
Missiles
 F - 12 silver javelins
 L - 4 boomerangs of dispersal
 O - 39 poisoned darts
 P - 21 boomerangs (quivered)
 X - 128 bolts
Armour
 d - a +0 ring mail (worn)
 e - a +2 tower shield (worn)
 h - a +2 pair of gloves of dexterity (worn)
 j - a +0 cloak (worn)
 Y - the +0 hat of Calculation (worn) {rF+}
   (Okawaru gifted it to you on level 12 of the Dungeon)

   It protects you from fire.
Jewellery
 c - an uncursed amulet of the acrobat
 n - a +4 ring of evasion
 r - a +6 ring of intelligence
 v - an uncursed amulet of regeneration
 I - a ring of fire (left hand)
 K - an amulet of reflection (around neck)
 Q - a ring of stealth (right hand)
Wands
 w - a wand of polymorph (12)
 E - a wand of random effects (26)
 G - a wand of flame (4)
 J - a wand of acid (4)
 R - a wand of iceblast (21)
 Z - a wand of digging (5)
Scrolls
 i - 7 scrolls of remove curse
 k - 3 scrolls of enchant weapon
 l - a scroll of blinking
 m - 3 scrolls of enchant armour
 p - 6 scrolls of fog
 s - 3 scrolls of fear
 t - 6 scrolls of teleportation
 u - 4 scrolls of amnesia
 y - 4 scrolls of magic mapping
 U - a scroll of immolation
Potions
 f - a potion of cancellation {unknown}
 g - 5 potions of lignification
 q - 2 potions of resistance
 x - a potion of ambrosia
 z - 3 potions of brilliance
 B - 2 potions of haste
 C - a potion of berserk rage
 D - 3 potions of flight
 H - a potion of might
 N - a potion of magic
 V - 9 potions of curing


   Skills:
 - Level 10.0 Fighting
 - Level 10.0 Maces & Flails
 - Level 6.0 Bows
 - Level 12.0 Crossbows
 - Level 10.0 Armour
 - Level 7.0 Dodging
 - Level 3.0 Stealth
 - Level 10.0 Shields
 * Level 1.4 Invocations
 + Level 0.6 Evocations


You had 13 spell levels left.
You didn't know any spells.
Your spell library contained the following spells:

 Spells                   Type           Power        Failure   Level
 Sandblast                Erth           #.....       98%         1
 Passwall                 Tmut/Erth      #.......     99%         2
 Confusing Touch          Hex            #.......     100%        3
 Gell's Gravitas          Tloc           #.........   100%        3
 Stone Arrow              Conj/Erth      #.....       100%        3
 Petrify                  Tmut/Erth      #.......     100%        4
 Lee's Rapid Deconstruct  Erth           #.........   100%        5
 Metabolic Englaciation   Hex/Ice        #.........   100%        5
 Yara's Violent Unravell  Hex/Tmut       #.........   100%        5


Dungeon Overview and Level Annotations

Branches:
Dungeon (15/15)            Temple (0/1) D:5            Lair (0/6) D:9
    Orc (0/2) D:10         Vaults (0/5) D:13          Sewer (visited)
Ossuary (visited)
 Depths: D:15

Altars:
Ashenzari
Dithmenos
Elyvilon
Gozag
Okawaru
Qazlal
Ru
Vehumet
Xom
The Shining One

Shops:
D:7 [   D:9 !

Annotations:
D:4 exclusion: statue
D:14 exclusion: obsidian statue, Rupert


Innate Abilities, Weirdness & Mutations

You are resistant to torment.
Your stone body is resilient. (AC +10)
You are immune to poison.
Your large and strong wings let you fly indefinitely.
You resist negative energy. (rN+)
You are resistant to electric shocks. (rElec)
You can survive without breathing.
You are immune to petrification.
You are immune to rotting.


Message History

Rupert roars wildly at you.
You struggle to resist.
Rupert roars madly and goes into a rage!
Rupert goes berserk!
You whack Rupert!
Rupert looks as sick as possible!
Rupert is lightly wounded.
Rupert barely misses you.
Rupert hits you with a +1 vorpal great mace!
Rupert misses you. You block Rupert's attack. You block Rupert's attack.
You block Rupert's attack.
There is a stone staircase leading up here.
You block Rupert's attack.
You climb upwards.
Level annotation: exclusion: obsidian statue
There is a stone staircase leading down here.
Rupert hits you with a +1 vorpal great mace!!
* * * LOW HITPOINT WARNING * * *
x2 Rupert hits you with a +1 vorpal great mace!!
You die...

.........#...# #.##........
...........#.# ##...........
...........#.# ###..##........
#........#.#.# ###...####(...))$
.......#.#.#.####........(..($###
###.#.#..#............###....:#8#
###.#.#.##..#.#..#..### ...$###
.....<............>## ...?)$
.......###........## .(....
...##..##.......@.# .(....
#..##...#).#....@.# ###(....#
......#....#......# #####...#
#...#.###..#......###.....###
#...#.#....#......##..####### ###
......................#.....###..
.......###......................#
..#.....##..###................##
......#....####..(............##
..................(...........#
......#............[..........#
#........#<##.................#


You could see Rupert (berserk, very poisoned).

Vanquished Creatures
  7 vault guards
  A hydra (D:12)
  3 boulder beetles
  A centaur warrior (D:14)
  2 death knights
  2 two-headed ogres
  3 tengu warriors (D:14)
  Urug (D:10)
  A skeletal warrior (D:13)
  4 unseen horrors
  Pikel (D:6)
  A phantasmal warrior (D:13)
  5 cyclopes
  8 ugly things
  3 manticores
  A gargoyle (D:13)
  2 freezing wraiths (D:14)
  An efreet (D:11)
  4 trolls
  A polar bear (shapeshifter) (D:13)
  Prince Ribbit (D:6)
  A hornet (D:12)
  7 slime creatures (D:13)
  The ghost of Vern1 the Cudgeller, an amateur GrFi (D:4)
  A shadow (D:14)
  3 wyverns
  10 yaks
  A wraith (D:13)
  A hog (shapeshifter) (D:12)
  A vampire mosquito (D:12)
  Edmund (D:4)
  A soldier ant (D:10)
  Duvessa (D:6)
  4 sky beasts
  4 ice beasts
  A necrophage (D:13)
  A black bear (D:9)
  13 orc warriors
  A phantom (D:7)
  4 ogres
  8 centaurs
  2 big kobolds
  14 bullfrogs
  A wyvern zombie (D:9)
  4 scorpions
  Dowan (D:6)
  15 killer bees
  A vampire bat (D:11)
  18 wights
  A howler monkey (D:7)
  4 centaur zombies
  2 bullfrog zombies
  4 hounds
  7 jellies
  8 orc priests
  12 orc wizards
  3 bullfrog skeletons
  4 iguanas
  13 worker ants
  A hound zombie (D:11)
  8 mummies (Ossuary)
  3 hound skeletons
  2 worker ant zombies
  4 gnolls (D:4)
  2 river rats
  13 adders
  4 shadow imps
  2 white imps
  3 ufetubi
  An ooze (D:3)
  An adder zombie (D:7)
  4 adder skeletons
  3 worms
  2 dart slugs
  5 leopard geckos
  67 orcs
  2 ball pythons
  14 bats
  8 giant cockroaches
  8 goblins
  2 hobgoblins (D:1)
  18 jackals
  17 kobolds
  5 quokkas
  5 frilled lizards
  2 gnoll zombies (Ossuary)
  2 hobgoblin zombies (Ossuary)
  A jackal zombie (D:2)
  3 kobold zombies (Ossuary)
  A leopard gecko skeleton (D:4)
  A leopard gecko zombie (D:2)
  An orc zombie (Ossuary)
  A quokka zombie (D:7)
  11 rats
459 creatures vanquished.

Vanquished Creatures (others)
  An orc wizard (D:13)
  2 fungi (D:9)
  4 plants
  7 withered plants
14 creatures vanquished.

Grand Total: 473 creatures vanquished

Notes
Turn   | Place    | Note
-------+----------+-------------------------------------------
     0 | D:1      | om the Gargoyle Monk began the quest for the Orb.
     0 | D:1      | Reached XP level 1. HP: 14/14 MP: 1/1
   229 | D:1      | Reached XP level 2. HP: 18/19 MP: 2/2
   378 | D:1      | Found an iron altar of Okawaru.
   388 | D:1      | Became a worshipper of Warmaster Okawaru
   388 | D:1      | Reached * piety under Okawaru
   388 | D:1      | Reached ** piety under Okawaru
   801 | D:1      | Reached XP level 3. HP: 22/23 MP: 3/3
   802 | D:1      | Reached skill level 1 in Armour
  1302 | D:2      | Found a faded altar of an unknown god.
  1546 | D:2      | Reached skill level 1 in Shields
  1612 | D:2      | Reached XP level 4. HP: 28/28 MP: 4/4
  1681 | D:2      | Found a glowing golden altar of the Shining One.
  1909 | D:2      | Found a stormy altar of Qazlal.
  2064 | D:3      | Reached XP level 5. HP: 29/33 MP: 5/5
  2839 | D:4      | Found a radiant altar of Vehumet.
  2839 | D:4      | Noticed a charred statue
  2888 | D:4      | Reached XP level 6. HP: 31/38 MP: 6/6
  2962 | D:4      | Noticed Edmund
  2994 | D:4      | Killed Edmund
  3284 | D:4      | Reached *** piety under Okawaru
  3585 | D:4      | Reached XP level 7. HP: 43/43 MP: 7/7
  3784 | D:4      | Found a runed translucent door.
  3784 | D:4      | Noticed Vern1's ghost (amateur GrFi)
  3944 | D:5      | Entered Level 5 of the Dungeon
  3960 | D:5      | Found a sand-covered staircase.
  3992 | D:5      | Reached skill level 5 in Maces & Flails
  4008 | Ossuary  | Entered an ossuary
  4372 | D:5      | Found an opulent altar of Gozag.
  4432 | D:5      | Found a glowing drain.
  4440 | Sewer    | Entered a sewer
  4622 | Sewer    | Reached skill level 5 in Shields
  4664 | Sewer    | Found a white marble altar of Elyvilon.
  4853 | D:5      | Reached XP level 8. HP: 48/48 MP: 8/8
  5024 | D:5      | Found a staircase to the Ecumenical Temple.
  5215 | D:6      | Noticed Prince Ribbit
  5295 | D:5      | Reached **** piety under Okawaru
  5420 | D:6      | Noticed Pikel
  5454 | D:6      | Killed Pikel
  5454 | D:6      | Received a gift from Okawaru
  5485 | D:6      | Killed Prince Ribbit
  5485 | D:6      | Received a gift from Okawaru
  5486 | D:6      | Reached skill level 5 in Armour
  5486 | D:6      | Reached skill level 5 in Dodging
  5486 | D:6      | Reached XP level 9. HP: 48/52 MP: 9/9
  5528 | D:6      | Noticed Duvessa
  5530 | D:6      | Noticed Dowan
  5548 | D:6      | Killed Duvessa
  5557 | D:6      | Killed Dowan
  5895 | D:7      | Found Mikeol's Armour Shop.
  5989 | D:7      | Found a shadowy altar of Dithmenos.
  6219 | D:7      | Found a broken altar of Ashenzari.
  6694 | D:7      | Reached ***** piety under Okawaru
  7241 | D:8      | Found a stormy altar of Qazlal.
  7318 | D:8      | Reached skill level 5 in Fighting
  7488 | D:8      | Reached XP level 10. HP: 57/59 MP: 10/10
  7615 | D:8      | Found a sacrificial altar of Ru.
  7831 | D:8      | Received a gift from Okawaru
  7832 | D:8      | Got a warped lajatang {god gift}
  8993 | D:9      | Found a staircase to the Lair.
  9290 | D:9      | Upgraded the game from 0.26-a0-1013-gf6ffb0d6bd to
                  | 0.26-a0-1026-g544776af23
  9298 | D:9      | Found Xequus's Distillery.
  9333 | D:9      | Bought a potion of haste for 140 gold pieces
  9333 | D:9      | Bought a potion of berserk rage for 70 gold pieces
  9572 | D:10     | Entered Level 10 of the Dungeon
  9749 | D:10     | Received a gift from Okawaru
 10302 | D:10     | Reached XP level 11. HP: 55/63 MP: 11/11
 10328 | D:10     | Found a shimmering altar of Xom.
 10383 | D:10     | Noticed a two-headed ogre
 10402 | D:10     | Killed a two-headed ogre
 10403 | D:10     | Reached skill level 10 in Shields
 10604 | D:10     | Noticed Urug
 10631 | D:10     | Killed Urug
 11540 | D:10     | Killed an unseen horror
 11628 | D:10     | Reached skill level 10 in Maces & Flails
 11712 | D:10     | Found a staircase to the Orcish Mines.
 11899 | D:11     | Noticed a manticore
 11911 | D:11     | Killed a manticore
 11911 | D:11     | Received a gift from Okawaru
 12074 | D:11     | Found a white marble altar of Elyvilon.
 12591 | D:11     | Noticed a cyclops
 12603 | D:11     | Killed a cyclops
 13162 | D:12     | Noticed a purple ugly thing
 13177 | D:12     | Killed a purple ugly thing
 13256 | D:12     | Noticed a cyclops
 13417 | D:12     | Killed a cyclops
 13514 | D:12     | Killed an unseen horror
 13514 | D:12     | Reached ****** piety under Okawaru
 13669 | D:12     | Noticed a white ugly thing
 13682 | D:12     | Killed a white ugly thing
 13683 | D:12     | Reached skill level 10 in Armour
 13683 | D:12     | Reached XP level 12. HP: 73/73 MP: 12/12
 14050 | D:4      | Killed Vern1's ghost
 14306 | D:12     | Received a gift from Okawaru
 14309 | D:12     | Got a brightly glowing hat {god gift}
 14310 | D:12     | Identified the +0 hat of Calculation {rF+} (Okawaru gifted
                  | it to you on level 12 of the Dungeon)
 14489 | D:12     | Noticed an eight-headed hydra
 14499 | D:12     | Killed an eight-headed hydra
 14500 | D:12     | Reached skill level 10 in Fighting
 14620 | D:12     | Noticed a death knight
 14642 | D:12     | Killed a death knight
 15464 | D:13     | Noticed a two-headed ogre
 15480 | D:13     | Reached skill level 5 in Bows
 15497 | D:13     | Killed a two-headed ogre
 15559 | D:13     | Reached skill level 1 in Crossbows
 15586 | D:13     | Reached skill level 2 in Crossbows
 15681 | D:13     | Noticed Rupert
 15687 | D:13     | Noticed a vault guard
 15687 | D:13     | Noticed a vault guard
 15687 | D:13     | Noticed a vault guard
 15688 | D:13     | Noticed a vault guard
 15698 | D:13     | Noticed a vault guard
 15699 | D:13     | Noticed a vault guard
 15789 | D:12     | Killed a vault guard
 15790 | D:12     | Reached skill level 3 in Crossbows
 15834 | D:12     | Killed a vault guard
 15835 | D:12     | Reached skill level 4 in Crossbows
 16190 | D:13     | Reached skill level 5 in Crossbows
 16264 | D:13     | Reached XP level 13. HP: 77/82 MP: 13/13
 16293 | D:13     | Reached skill level 6 in Crossbows
 16352 | D:13     | Received a gift from Okawaru
 16409 | D:13     | Reached skill level 7 in Crossbows
 16497 | D:13     | Noticed a vault guard
 16499 | D:13     | Killed a vault guard
 16523 | D:13     | Noticed a vault guard
 16534 | D:13     | Killed a vault guard
 16535 | D:13     | Reached skill level 8 in Crossbows
 16536 | D:13     | Killed a vault guard
 16547 | D:13     | Killed a vault guard
 16600 | D:12     | Killed a vault guard
 16723 | D:13     | Reached skill level 9 in Crossbows
 16772 | D:13     | Found a gate to the Vaults.
 17163 | D:14     | Reached skill level 10 in Crossbows
 17846 | D:14     | Received a gift from Okawaru
 17953 | D:14     | Reached skill level 11 in Crossbows
 19128 | D:15     | Entered Level 15 of the Dungeon
 19150 | D:15     | Reached skill level 12 in Crossbows
 19150 | D:15     | Reached skill level 1 in Invocations
 19150 | D:15     | Gained mutation: Your large and strong wings let you fly
                  | indefinitely. [Gargoyle growth]
 19150 | D:15     | Reached XP level 14. HP: 57/88 MP: 13/15
 19202 | D:14     | Slain by Rupert

Illustrated notes

Levels and vault maps discovered:
D:1:      wander_arrival_peaceful_grave, layout_basic,
          chequers_serial_rivers_large_b, okawaru_ov_weapons_minmay
D:2:      layout_loops_ring, marbit_many_paths, tso_altar, serial_undead,
          serial_undead_c, serial_undead_b, serial_undead_f, serial_undead_b,
          chequers_ecumenical_altar_twisty
D:3:      layout_loops_cross, chequers_garden, hangedman_decor_diamond_cutter
D:4:      layout_loops_cross, vehumet_statue, gammafunk_ghost_grave, uniq_edmund
D:5:      layout_rooms, nicolae_gozag_seed_capital, minmay_temple_entry_hall,
          enter_ossuary_1, gup_sewer_entry_bubbles
D:6:      layout_rooms, uniq_pikel, uniq_duvessa, uniq_prince_ribbit1
D:7:      minmay_polygon_palace, layout_basic, ashenzari_conservatory_becter,
          kennysheep_mini_moat, serial_shops,
          nicolae_shop_temple_entry_statues_fountains
D:8:      layout_loops_corners, nicolae_ru_the_path_less_chosen,
          nicolae_qazlal_general_emergency
D:9:      layout_basic, dpeg_oklobed_lair, serial_shops, shop,
          grunt_ministairs_14, zaba_anthole
D:10:     layout_irregular_city, david_orc_4, basic_altar, kennysheep_dice,
          uniq_urug
D:11:     layout_loops_corners, roderic_batcave, minmay_misc_feat_nine_boxes,
          elyvilon_altar_5
D:12:     minmay_the_grid_octo_tiled_squarecenter
          [minmay_the_grid_octo_fan_narrow,
          minmay_the_grid_octo_vomiting_pacman, minmay_the_grid_octo_concentric,
          minmay_the_grid_octo_fat_diamond,
          minmay_the_grid_square_5x5_megaprize_hollow,
          minmay_the_grid_square_5x5_minivault,
          minmay_the_grid_square_5x5_gyroscope,
          minmay_the_grid_square_5x5_inner_i,
          minmay_the_grid_square_5x5_two_walls_a], layout_rooms
D:13:     layout_small_grid, erik_vaults_2, uniq_rupert
D:14:     layout_rooms, serial_bayou_pond_e, minmay_protected_statue
D:15:     gammafunk_depths_entry_grave, layout_gridville, serial_shops,
          nicolae_shop_behind_doors, minmay_misc_feat_columns,
          biasface_ghost_orc_armoury, grunt_ministairs_14,
          minmay_stone_trees_small, jmf_multi_god_temple2

Skill      XL: |  1  2  3  4  5  6  7  8  9 10 11 12 13 |
---------------+----------------------------------------+-----
Armour         | 1 2 3 5 6 7 10 | 10.0
Shields        | 1 2 3 5 7 8 9 10 | 10.0
Stealth        | 3 |  3.0
Maces & Flails | 4 5 6 9 10 | 10.0
Fighting       | 4 5 7 10 | 10.0
Dodging        | 3 5 6 7 |  7.0
Bows           | 6 |  6.0
Crossbows      | 5 12 | 12.0
Invocations    | 1 |  1.4
Evocations     | |  0.6

Action                   |  1- 3 |  4- 6 |  7- 9 | 10-12 | 13-15 || total
-------------------------+-------+-------+-------+-------+-------++-------
Melee: Mace              |   101 |    67 |       |       |       ||   168
       Flail             |       |   153 |   423 |       |       ||   576
       Whip              |       |       |   240 |   362 |       ||   602
       Demon whip        |       |       |       |   575 |   449 ||  1024
 Fire: Hand crossbow     |       |       |       |       |    20 ||    20
Throw: Javelin           |       |       |     6 |     6 |       ||    12
       Boomerang         |       |       |       |     4 |       ||     4
       Dart              |       |       |       |     2 |       ||     2
Invok: Heroism           |       |       |     4 |       |       ||     4
Evoke: Wand              |       |       |       |     4 |     2 ||     6
  Use: Scroll            |       |     6 |     7 |     9 |     4 ||    26
       Potion            |       |       |     2 |     4 |     1 ||     7
 Stab: Sleeping          |     3 |     1 |     4 |     6 |     4 ||    18
       Distracted        |       |       |       |     1 |       ||     1
Armor: Robe              |    17 |       |       |       |       ||    17
       Ring mail         |    22 |    56 |   182 |   192 |    76 ||   528
Dodge: Dodged            |    63 |    94 |   261 |   262 |    77 ||   757
Block: Tower shield      |    38 |   178 |   706 |   910 |   357 ||  2189
       Reflection        |       |       |       |    34 |     7 ||    41

Table legend: (Time is in decaauts)
 A = Elapsed time spent in this place.
 B = Non-inter-level travel time spent in this place.
 C = Inter-level travel time spent in this place.
 D = Time resting spent in this place.
 E = Time spent auto-exploring this place.
 F = Levels seen in this place.
 G = Mean time per level.
                   A        B        C        D        E       F      G
               +--------+--------+--------+--------+--------+-----+--------+
         Total |  19140 |  18117 |   1023 |   4310 |   8941 |  17 | 1125.9 |
       Dungeon |  18475 |  17452 |   1023 |   4182 |   8689 |  15 | 1231.7 |
         Sewer |    325 |    325 |      0 |    100 |    107 |   1 |  325.0 |
       Ossuary |    339 |    339 |      0 |     28 |    144 |   1 |  339.0 |
               +--------+--------+--------+--------+--------+-----+--------+

Top non-repeatable levels by time:
    D:13: 2195 daAuts
    D:10: 2148 daAuts
    D:12: 1886 daAuts
     D:9: 1788 daAuts
     D:7: 1359 daAuts
    D:11: 1355 daAuts
     D:4: 1101 daAuts
     D:2: 1093 daAuts
     D:3: 1050 daAuts
     D:8: 1006 daAuts
    D:14: 952 daAuts
     D:1: 930 daAuts
     D:5: 817 daAuts
     D:6: 722 daAuts
 Ossuary: 339 daAuts
